Map: [ESL] Pride of Altaris

Players

SKillous

  • Race: Protoss Protoss

Astrea - Winner!

  • Race: Protoss Protoss

Event: IEM Katowice 2022

VOD

Have the link to the VOD?

Description

Time

  • Played on: Feb. 23, 2022, 11:12 a.m.
  • Length: 5:13

All games in this series

Show
View Real Time Build Order
Export as new Build Order

SKillous Protoss 

Build Orders:  

Get SALT Encoding   

  12  0:00  Probe  
  13  0:12  Probe  
  14  0:18  Pylon  
  14  0:24  Probe (Chrono Boost)  
  15  0:36  Probe (Chrono Boost)  
  15  0:38  Gateway  
  16  0:45  Probe (Chrono Boost)  
  16  0:48  Assimilator  
  17  0:51  Probe  
  17  0:55  Assimilator  
  18  1:03  Probe (Chrono Boost)  
  19  1:12  Probe (Chrono Boost)  
  19  1:17  Gateway, Probe (Chrono Boost)  
  21  1:27  Cybernetics Core  
  22  1:37  Pylon  
  22  1:38  Zealot  
  23  1:56  Probe  
  24  2:05  Stalker (Chrono Boost)  
  24  2:07  Stargate, Shield Battery  
  26  2:11  Shield Battery  
  26  2:19  Warp Gate  
  26  2:26  Stalker (Chrono Boost)  
  28  2:32  Shield Battery  
  28  2:33  Probe  
  28  2:53  Probe  
  28  2:54  Gateway  
  29  3:00  Gateway  
  29  3:07  Stargate  
  29  3:18  Pylon  
  29  3:20  Shield Battery  
  29  3:41  Void Ray (Chrono Boost)  
  29  3:43  Shield Battery  
  33  4:09  Stalker x3  
  39  4:20  Pylon  
  37  4:26  Shield Battery  
  37  4:33  Stalker  
  39  4:39  Stalker x2  
  39  4:41  Pylon  
  35  4:57  Stalker  
Show
View Real Time Build Order
Export as new Build Order

Astrea Protoss - Winner!

Build Orders: 1 Gate Expand 

Get SALT Encoding   

  12  0:00  Probe  
  13  0:12  Probe  
  14  0:18  Pylon  
  14  0:24  Probe (Chrono Boost)  
  15  0:37  Probe (Chrono Boost)  
  15  0:38  Gateway  
  16  0:44  Probe (Chrono Boost)  
  16  0:46  Assimilator  
  17  0:51  Probe  
  18  1:03  Probe  
  19  1:15  Probe  
  20  1:24  Nexus  
  20  1:32  Cybernetics Core  
  20  1:39  Zealot  
  22  1:45  Pylon  
  22  1:50  Probe  
  23  2:03  Probe  
  23  2:06  Stalker (Chrono Boost)  
  24  2:09  Warp Gate  
  26  2:16  Probe  
  27  2:28  Probe  
  27  2:29  Stalker (Chrono Boost)  
  30  2:40  Probe  
  30  2:44  Shield Battery  
  30  2:49  Probe  
  31  2:54  Probe  
  32  2:59  Stalker (Chrono Boost)  
  35  3:16  Gateway  
  35  3:17  Gateway  
  34  3:20  Assimilator  
  34  3:25  Stalker (Chrono Boost)  
  34  3:30  Shield Battery  
  36  3:35  Probe  
  35  3:42  Probe  
  35  3:47  Pylon  
  36  3:50  Probe  
  36  3:55  Probe  
  38  3:58  Stalker  
  40  4:02  Probe  
  41  4:10  Probe  
  41  4:12  Stalker x2  
  47  4:26  Stalker  
  47  4:28  Shield Battery x2  
  48  4:34  Stalker  
  48  4:35  Stalker  
  48  4:50  Stalker x2  
  48  4:56  Stalker  
  50  5:00  Assimilator  
  50  5:01  Pylon  

Tags
 
Add a new tag
Caveats
  • Supply blocks, unpowered buildings, or Contaminate may cause inaccurate times.
  • Supply counts are checked every 10 seconds.